 Dungeon Crawl Stone Soup version 0.19.4-8-ga85b6b9 (console) character file.

3861 Grinner the Grappler (level 9, -21/112 HPs)
             Began as a Troll Transmuter on Feb 13, 2017.
             Demolished by an orc warrior
             ... wielding a +0 battleaxe
              (41 damage)
             ... on level 8 of the Dungeon.
             The game lasted 00:19:49 (6057 turns).

Grinner the Grappler (Troll Transmuter)             Turns: 6057, Time: 00:19:50

Health: -21/112    AC:  5    Str: 25    XL:     9   Next: 99%
Magic:  6/9        EV: 12    Int: 14    God:
Gold:   300        SH:  0    Dex: 12    Spells: 3 memorised, 1 level left

rFire  . . .     SeeInvis .       - Unarmed
rCold  . . .     Gourm    +     b - +0 robe
rNeg   . . .     Faith    .     (no shield)
rPois  .         Spirit   .     (helmet restricted)
rElec  .         Reflect  .     (no cloak)
rCorr  .         Harm     .     (gloves unavailable)
MR     .....     Rnd*Tele +     (boots unavailable)
Stlth  ..........               (no amulet)
                                s - ring of flight
                                l - +2 ring of intelligence

@: berserking (expiring), very slightly contaminated, hasted, very quick
A: unfitting armour, claws 3, agile 1, fast metabolism 3, gourmand, regeneration
1, screaming 1, shaggy fur 1, teleportitis 1, tough skin 2, subdued magic 1,
MP-powered wands
a: Evoke Flight


You were on level 8 of the Dungeon.
You were very full.

You visited 2 branches of the dungeon, and saw 9 of its levels.

You collected 300 gold pieces.

Inventory:

Missiles
 o - 10 arrows
 w - 5 large rocks (quivered)
Armour
 b - a +0 robe (worn)
Jewellery
 g - an uncursed ring of positive energy
 l - a +2 ring of intelligence (left claw)
 s - a ring of flight (right claw)
 t - an uncursed ring of resist corrosion
Wands
 D - a wand of flame (39/48)
 E - a wand of disintegration (8/24)
Scrolls
 e - a scroll of magic mapping
 f - a scroll of immolation {unknown}
 h - a scroll of random uselessness
 p - 3 scrolls of remove curse
 y - a scroll of enchant armour {unknown}
Potions
 a - 2 potions of curing
 i - a potion of resistance
 j - a potion of degeneration
 r - a potion of agility {unknown}
 z - a potion of brilliance
 C - a potion of heal wounds
Books
 c - a book of Changes

   Spells                             Type                      Level
   a - Beastly Appendage              Transmutation                1
   b - Sticks to Snakes               Transmutation                2
   c - Spider Form                    Transmutation/Poison         3
   d - Ice Form                       Ice/Transmutation            4
   e - Blade Hands                    Transmutation                5
 B - a book of Cantrips

   Spells                             Type                      Level
   a - Confusing Touch                Hexes                        1
   b - Animate Skeleton               Necromancy                   1
   c - Summon Small Mammal            Summoning                    1
   d - Apportation                    Translocation                1
Comestibles
 d - 4 bread rations
 k - 2 royal jellies
 n - 4 fruits
 q - a chunk of flesh
 u - 2 slices of pizza
 v - 4 meat rations


   Skills:
 - Level 0.7 Fighting
 + Level 6.0 Dodging
 * Level 10.7 Unarmed Combat
 - Level 1.2 Spellcasting
 + Level 5.5 Transmutations


You had one spell level left.
You knew the following spells:

 Your Spells              Type           Power        Failure   Level  Hunger
s - Spider Form           Tmut/Pois      #.........   21%         3    ####...
x - Blade Hands           Tmut           ##........   78%         5    ######.
z - Beastly Appendage     Tmut           ##....       1%          1    ##.....


Dungeon Overview and Level Annotations

Branches:
Dungeon (8/15)             Temple (1/1) D:7
   Lair: D:8-11

Altars:
Ashenzari
Cheibriados
Elyvilon
Fedhas
Gozag
Hepliaklqana
Kikubaaqudgha
Nemelex Xobeh
Okawaru
Qazlal
Ru
Sif Muna
Trog
Vehumet
Xom
Yredelemnul
Zin
The Shining One

Annotations:
D:4 Buane's ghost, amateur HECK


Innate Abilities, Weirdness & Mutations

You are too large for most types of armour.
You have claws for hands.
Your metabolism is lightning-fast.
You like to eat raw meat.
Your natural rate of healing is unusually fast.
You are covered in fur. (AC +1)
You have very tough skin. (AC +2)
You are agile. (Dex +2)
You occasionally shout uncontrollably at your foes.
You are occasionally teleported next to monsters.
Your spells are a little easier to cast, but a little less powerful.
You expend magic power (3 MP) to strengthen your wands.


Message History

The orc warrior completely misses you. The orc hits you with a club.
The orc misses you.
You hit the orc warrior.
You kill the orc warrior!
The orc completely misses you.
The orc warrior hits you with a battleaxe!
You bite the orc warrior!
The orc warrior looks as sick as possible!
The orc warrior is heavily wounded.
Your transformation has ended.
Your +0 robe unmelds from your body.
The orc hits you with a club. The orc closely misses you.
You mangle the orc!!
You kill the orc!
The orc warrior hits you with a dire flail!!
* * * LOW HITPOINT WARNING * * *
The orc barely misses you.
You closely miss the orc.
The orc warrior hits you with a battleaxe!!!
You die...

≈≈≈≈≈≈≈≈≈≈
≈≈≈≈≈h≈≈≈#
....!....# ###
##############
# ?(##?%$ #
#######....# #
......#....#...
.....ooo≈≈..:..
.....oo@o≈.....
.....o#oo..#...
##### ###### #
#............ #
###≈≈≈≈≈≈≈≈≈h≈≈
#


You could see an orc knight, 3 orc warriors and 5 orcs.

Vanquished Creatures
  An orc knight (D:8)
  Grinder (D:6)
  Eustachio (D:5)
  2 wargs (D:8)
  An ice beast (D:7)
  3 orc warriors (D:8)
  2 sky beasts (D:7)
  4 ogres
  A phantom (D:4)
  2 centaurs
  A big kobold (D:7)
  4 bullfrogs
  A scorpion (D:3)
  A howler monkey (D:3)
  7 wights
  2 crimson imps
  A quasit (D:6)
  A centaur skeleton (D:7)
  3 hounds
  A bullfrog skeleton (D:5)
  A jelly (D:5)
  5 orc priests
  3 orc wizards (D:6)
  3 iguanas
  Natasha (D:2)
  2 worker ants
  A hound zombie (D:8)
  6 worker ant zombies
  4 gnolls (D:5)
  A howler monkey skeleton (D:4)
  10 adders
  A shadow imp (D:6)
  2 oozes
  An adder skeleton (D:3)
  2 worms
  2 dart slugs
  6 leopard geckos
  22 orcs
  2 ball pythons
  4 giant cockroaches
  7 goblins
  8 hobgoblins
  4 jackals (D:1)
  A ball python skeleton (D:3)
  8 bats
  6 frilled lizards
  A jackal skeleton (D:4)
  A jackal zombie (D:3)
  6 kobolds
  A leopard gecko skeleton (D:3)
  A leopard gecko zombie (D:7)
  A quokka skeleton (D:3)
  A quokka zombie (D:3)
  8 rats
173 creatures vanquished.

Notes
Turn   | Place    | Note
-------+----------+-------------------------------------------
     0 | D:1      | Grinner the Troll Transmuter began the quest for the Orb.
     0 | D:1      | Reached XP level 1. HP: 18/18 MP: 1/1
   123 | D:1      | Reached XP level 2. HP: 11/26 MP: 2/2
   547 | D:1      | Reached XP level 3. HP: 23/32 MP: 3/3
   970 | D:2      | Noticed Natasha
   983 | D:2      | Found a hazy altar of Hepliaklqana.
  1046 | D:2      | Reached skill level 4 in Unarmed Combat
  1335 | D:2      | Killed Natasha
  1335 | D:2      | Reached XP level 4. HP: 8/40 MP: 4/4
  1804 | D:3      | Reached XP level 5. HP: 35/46 MP: 3/5
  1822 | D:3      | Learned a level 3 spell: Spider Form
  2101 | D:3      | Reached skill level 5 in Unarmed Combat
  2302 | D:3      | Reached XP level 6. HP: 36/54 MP: 6/6
  2738 | D:4      | Reached skill level 6 in Unarmed Combat
  2834 | D:4      | Reached XP level 7. HP: 61/61 MP: 5/7
  2870 | D:4      | Found a bloodstained altar of Trog.
  2970 | D:4      | Noticed Buane's ghost (amateur HECK)
  2987 | D:5      | Entered Level 5 of the Dungeon
  3334 | D:5      | Noticed Eustachio
  3356 | D:5      | Killed Eustachio
  3356 | D:5      | Reached skill level 7 in Unarmed Combat
  3465 | D:5      | Found a sparkling altar of Nemelex Xobeh.
  3773 | D:5      | Found an ancient bone altar of Kikubaaqudgha.
  3886 | D:6      | Reached XP level 8. HP: 64/68 MP: 6/8
  3952 | D:6      | Found a sacrificial altar of Ru.
  3983 | D:6      | Noticed Grinder
  3997 | D:6      | Paralysed by Grinder for 6 turns
  4007 | D:6      | Paralysed by Grinder for 6 turns
  4014 | D:6      | Killed Grinder
  4129 | D:6      | Found a stormy altar of Qazlal.
  4138 | D:6      | Reached skill level 8 in Unarmed Combat
  4164 | D:6      | Found a radiant altar of Vehumet.
  4503 | D:7      | Found a staircase to the Ecumenical Temple.
  4518 | Temple   | Entered the Ecumenical Temple
  4710 | Temple   | Gained mutation: Your spells are a little easier to cast, but a little less powerful. [potion of mutation]
  4710 | Temple   | Gained mutation: You are agile. (Dex +2) [potion of mutation]
  4710 | Temple   | Gained mutation: You occasionally shout uncontrollably at your foes. [potion of mutation]
  4711 | Temple   | Gained mutation: You are occasionally teleported next to monsters. [potion of mutation]
  4793 | D:7      | Reached skill level 9 in Unarmed Combat
  4800 | D:7      | Gained mutation: You expend magic power (3 MP) to strengthen your wands. [potion of mutation]
  4861 | D:7      | Reached skill level 5 in Dodging
  4861 | D:7      | Reached XP level 9. HP: 75/75 MP: 5/9
  4897 | D:7      | Learned a level 5 spell: Blade Hands
  5082 | D:7      | Found a glowing silver altar of Zin.
  5228 | D:7      | Reached skill level 5 in Transmutations
  5708 | D:8      | Reached skill level 10 in Unarmed Combat
  6035 | D:8      | Noticed an orc knight
  6038 | D:8      | Noticed an orc knight
  6051 | D:8      | Killed an orc knight
  6057 | D:8      | Demolished by an orc warrior

Skill      XL: |  1  2  3  4  5  6  7  8  9 |
---------------+----------------------------+-----
Dodging        | 2 3 4 5 6 |  6.0
Unarmed Combat | 4 5 6 7 9 10 | 10.7
Transmutations | 2 3 4 5 |  5.5
Fighting       | |  0.7
Spellcasting   | |  1.2

Action                   |  1- 3 |  4- 6 |  7- 9 || total
-------------------------+-------+-------+-------++-------
Melee: Unarmed           |   121 |   128 |   303 ||   552
       Headbutt          |     1 |     5 |     7 ||    13
       Kick              |     1 |     5 |     5 ||    11
       Punch             |     1 |     3 |     3 ||     7
 Cast: Beastly Appendage |     4 |     8 |    19 ||    31
       Spider Form       |       |       |    17 ||    17
  Use: Potion            |     1 |       |     8 ||     9
       Scroll            |       |       |    12 ||    12
 Stab: Sleeping          |     1 |       |     2 ||     3
  Eat: Chunk             |    18 |    14 |    33 ||    65
Armor: Robe              |    43 |    34 |    35 ||   112
       Skin              |       |       |     4 ||     4
Dodge: Dodged            |    64 |    58 |   233 ||   355
